 Dungeon Crawl Stone Soup version 0.29-a0-553-g81b289dbe5 (webtiles) character file.

Game seed: 5676776657979249291

170 DocClef the Covert (level 5, -1/47 HPs)
             Began as a Gnoll Delver on June 6, 2022.
             Killed from afar by a steam dragon (9 damage)
             ... with a ball of steam
             ... on level 5 of the Dungeon.
             The game lasted 00:00:49 (455 turns).

DocClef the Covert (Gnoll Delver)                    Turns: 455, Time: 00:00:49

Health: -1/47      AC:  3    Str: 13    XL:     5   Next: 51%
Magic:  7/7        EV: 13    Int:  9    God:
Gold:   0          SH:  0    Dex: 14    Spells: 7/7 levels left

rFire   . . .      SeeInvis .   h - +0 short sword (elec)
rCold   . . .      Faith    .   (no shield)
rNeg    . . .      Spirit   .   b - +0 leather armour
rPois   .          Reflect  .   (no helmet)
rElec   .          Harm     .   (no cloak)
rCorr   .          Rampage  .   (no gloves)
Will    .....                   (no boots)
Stlth   ++++......              (no amulet)
HPRegen 0.15/turn               (no ring)
MPRegen 0.10/turn               (no ring)

@: no status effects
A: fangs 1, strong nose, distributed training
a: no special abilities


You were on level 5 of the Dungeon.
You visited 1 branch of the dungeon, and saw 1 of its levels.

Inventory:

Hand Weapons
 a - a +0 short sword
 h - a +0 short sword of electrocution (weapon)
Missiles
 i - a boomerang (quivered)
Armour
 b - a +0 leather armour (worn)
Wands
 g - a wand of digging (3)
Scrolls
 c - a scroll of fog
 d - a scroll of magic mapping
 e - a scroll of fear
Potions
 f - a potion of haste
 j - 2 potions of curing {unknown}


   Skills:
 + Level 6.7 Fighting
 + Level 4.8 Short Blades
 + Level 1.5 Long Blades
 + Level 1.5 Axes
 + Level 1.5 Maces & Flails
 + Level 1.5 Polearms
 + Level 1.5 Staves
 + Level 1.5 Slings
 + Level 1.5 Bows
 + Level 1.5 Crossbows
 + Level 1.5 Throwing
 + Level 1.5 Armour
 + Level 4.8 Dodging
 + Level 9.7 Stealth
 + Level 1.5 Shields
 + Level 1.5 Unarmed Combat
 + Level 1.5 Spellcasting
 + Level 1.2 Conjurations
 + Level 1.2 Hexes
 + Level 1.2 Summonings
 + Level 1.2 Necromancy
 + Level 1.2 Translocations
 + Level 1.2 Transmutations
 + Level 1.2 Fire Magic
 + Level 1.2 Ice Magic
 + Level 1.2 Air Magic
 + Level 1.2 Earth Magic
 + Level 1.2 Poison Magic
 + Level 1.7 Invocations
 + Level 1.5 Evocations


You had 7 spell levels left.
You didn't know any spells.
Your spell library was empty.

Dungeon Overview and Level Annotations

Branches:
Dungeon (5/15)
 Temple: D:4-7

Altars:
Dithmenos


Innate Abilities, Weirdness & Mutations

You have very sharp teeth.
Your uncanny sense of smell can sniff out nearby items.
Your experience applies equally to all skills.


Message History

A steam dragon comes into view.
A steam dragon is nearby!
A steam dragon is nearby!
You open the door.
There is an open door here.
There is an open door here.
A steam dragon is nearby!
The steam dragon hisses angrily.
You closely miss the steam dragon. Your bite misses the steam dragon.
The steam dragon misses you. The steam dragon claws you.
You hit the steam dragon. Your bite misses the steam dragon.
The steam dragon is lightly wounded.
The steam dragon breathes steam at you. The ball of steam hits you!
The steam dragon bites you! The steam dragon closely misses you.
You hit the steam dragon but do no damage.
The steam dragon is lightly wounded.
The steam dragon bites you but does no damage.
The steam dragon closely misses you.
You closely miss the steam dragon. Your bite misses the steam dragon.
The steam dragon is lightly wounded.
The steam dragon bites you. The steam dragon barely misses you.
You barely miss the steam dragon.
The steam dragon is lightly wounded.
The steam dragon bites you!
* * * LOW HITPOINT WARNING * * *
The steam dragon barely misses you.
You hit the steam dragon but do no damage.
Your bite misses the steam dragon.
The steam dragon is lightly wounded.
The steam dragon misses you. The steam dragon closely misses you.
A necrophage comes into view.
You hit the steam dragon.
The steam dragon is moderately wounded.
You hit the steam dragon.
Lightning courses through the steam dragon!
The steam dragon is severely wounded.
The steam dragon breathes steam at you. The ball of steam hits you!
You die...

#########....#
#.......#....# n.
........##'### ####..
.............# ....#
..##'##......# ....+
.##...##.....# ....#
##.....##....##+#....#
#...⌠...##......D.$..#
...###...##.....@....#
..##⌠##...##....######
.##...##...##...#
##.....##...##..#
#.......##...#..#
[).._........+..#
#.......##...#..#
##.....##...##..#
.##...##...## +##


You could see a steam dragon (catching breath) and a necrophage.

Vanquished Creatures
  2 scorpions (D:5)
  A hound (D:5)
  2 adders (D:5)
  3 orcs (D:5)
8 creatures vanquished.

Notes
Turn   | Place    | Note
-------+----------+-------------------------------------------
     0 | D:5      | Reached skill level 9 in Stealth
     0 | D:5      | DocClef the Gnoll Delver began the quest for the Orb.
     0 | D:5      | Reached XP level 1. HP: 23/23 MP: 1/1
    14 | D:5      | Noticed a scorpion
    17 | D:5      | Found a shadowy altar of Dithmenos.
    18 | D:5      | Killed a scorpion
    19 | D:5      | Reached skill level 1 in Long Blades
    19 | D:5      | Reached skill level 1 in Axes
    19 | D:5      | Reached skill level 1 in Maces & Flails
    19 | D:5      | Reached skill level 1 in Polearms
    19 | D:5      | Reached skill level 1 in Staves
    19 | D:5      | Reached skill level 1 in Slings
    19 | D:5      | Reached skill level 1 in Bows
    19 | D:5      | Reached skill level 1 in Crossbows
    19 | D:5      | Reached skill level 1 in Throwing
    19 | D:5      | Reached skill level 1 in Armour
    19 | D:5      | Reached skill level 1 in Shields
    19 | D:5      | Reached skill level 1 in Unarmed Combat
    19 | D:5      | Reached skill level 1 in Spellcasting
    19 | D:5      | Reached skill level 1 in Invocations
    19 | D:5      | Reached skill level 1 in Evocations
    19 | D:5      | Reached XP level 2. HP: 29/29 MP: 1/3
    19 | D:5      | Reached XP level 3. HP: 35/35 MP: 1/4
    19 | D:5      | Reached XP level 4. HP: 41/41 MP: 1/5
   295 | D:5      | Reached skill level 1 in Conjurations
   295 | D:5      | Reached skill level 1 in Hexes
   295 | D:5      | Reached skill level 1 in Summonings
   295 | D:5      | Reached skill level 1 in Necromancy
   295 | D:5      | Reached skill level 1 in Translocations
   295 | D:5      | Reached skill level 1 in Transmutations
   295 | D:5      | Reached skill level 1 in Fire Magic
   295 | D:5      | Reached skill level 1 in Ice Magic
   295 | D:5      | Reached skill level 1 in Air Magic
   295 | D:5      | Reached skill level 1 in Earth Magic
   295 | D:5      | Reached skill level 1 in Poison Magic
   322 | D:5      | Noticed a scorpion
   326 | D:5      | Killed a scorpion
   327 | D:5      | Reached XP level 5. HP: 47/47 MP: 5/7
   422 | D:5      | Noticed a steam dragon
   455 | D:5      | Killed from afar by a steam dragon

Illustrated notes

Levels and vault maps discovered:
D:5:      layout_gridville, mainiacjoe_overflow_small_starburst, st_stairs_6,
          kennysheep_pointless_box, kennysheep_diamond

Skill      XL: |  1  2  3  4 |
---------------+-------------+-----
Stealth        | |  9.7
Long Blades    | 1 |  1.5
Axes           | 1 |  1.5
Maces & Flails | 1 |  1.5
Polearms       | 1 |  1.5
Staves         | 1 |  1.5
Slings         | 1 |  1.5
Bows           | 1 |  1.5
Crossbows      | 1 |  1.5
Throwing       | 1 |  1.5
Armour         | 1 |  1.5
Shields        | 1 |  1.5
Unarmed Combat | 1 |  1.5
Spellcasting   | 1 |  1.5
Invocations    | 1 |  1.7
Evocations     | 1 |  1.5
Conjurations   | 1 |  1.2
Hexes          | 1 |  1.2
Summonings     | 1 |  1.2
Necromancy     | 1 |  1.2
Translocations | 1 |  1.2
Transmutations | 1 |  1.2
Fire Magic     | 1 |  1.2
Ice Magic      | 1 |  1.2
Air Magic      | 1 |  1.2
Earth Magic    | 1 |  1.2
Poison Magic   | 1 |  1.2
Fighting       | |  6.7
Short Blades   | |  4.8
Dodging        | |  4.8

Action                   |  1- 3 |  4- 6 || total
-------------------------+-------+-------++-------
Melee: Short sword       |     1 |    38 ||    39
       Punch             |       |     1 ||     1
       Bite              |       |     1 ||     1
 Stab: Sleeping          |     1 |     2 ||     3
Armor: Leather armour    |       |     5 ||     5
Dodge: Dodged            |       |    23 ||    23

Table legend: (Time is in decaauts)
 A = Elapsed time spent in this place.
 B = Non-inter-level travel time spent in this place.
 C = Inter-level travel time spent in this place.
 D = Time resting spent in this place.
 E = Time spent auto-exploring this place.
 F = Levels seen in this place.
 G = Mean time per level.
                   A        B        C        D        E       F      G
               +--------+--------+--------+--------+--------+-----+--------+
         Total |    449 |    449 |      0 |      0 |    356 |   1 |  449.0 |
       Dungeon |    449 |    449 |      0 |      0 |    356 |   1 |  449.0 |
               +--------+--------+--------+--------+--------+-----+--------+

Top non-repeatable levels by time:
     D:5: 449 daAuts
